 Dungeon Crawl Stone Soup version 0.20.1-1-g8b1a95d66d (webtiles) character file.

30 NullDivider the Charlatan (level 3, -3/23 HPs)
             Began as an Octopode Artificer on Dec 1, 2017.
             Killed themself with a badly aimed iceblast (19 damage)
             ... on level 2 of the Dungeon.
             The game lasted 00:04:42 (1602 turns).

NullDivider the Charlatan (Octopode Artificer)      Turns: 1602, Time: 00:04:43

Health: -3/23      AC:  1    Str: 11    XL:     3   Next: 18%
Magic:  15/15      EV: 13    Int: 13    God:
Gold:   87         SH:  0    Dex: 13    Spells: 2/2 levels left

rFire    . . .     SeeInvis .   q - +0 dagger
rCold    . . .     Gourm    .   (no shield)
rNeg     . . .     Faith    .   (helmet restricted)
rPois    .         Spirit   .   (no amulet)
rElec    .         Reflect  .   n - ring of magical power
rCorr    .         Harm     .   (no ring)
MR       .....                  (no ring)
Stlth    +++.......             (no ring)
Regen    0.1/turn               (no ring)
MPRegen  0.2/turn               (no ring)
                                (no ring)
                                (no ring)

@: no status effects
A: almost no armour, stealthy swim, amphibious, 8 rings, constrict 8, camouflage
1, gelatinous body 1
a: no special abilities


You were on level 2 of the Dungeon.
You were not hungry.

You visited 1 branch of the dungeon, and saw 2 of its levels.

You collected 87 gold pieces.

Inventory:

Hand Weapons
 q - a +0 dagger (weapon)
Jewellery
 n - a ring of magical power (left tentacle)
 t - an uncursed ring of protection from fire {unknown}
Wands
 b - a wand of flame (15/48)
 c - a wand of enslavement (15/24)
 d - a wand of random effects (12/48)
Scrolls
 h - 2 scrolls of identify {unknown}
 i - a scroll of remove curse {unknown}
 j - a scroll of recharging {unknown}
 s - a scroll of amnesia {unknown}
 w - a scroll of teleportation {unknown}
Potions
 a - a potion of resistance {unknown}
 e - 2 potions of agility {unknown}
 k - a potion of flight {unknown}
 m - a potion of berserk rage {unknown}
 o - a potion of brilliance {unknown}
 p - 2 potions of ambrosia {unknown}
 r - a potion of magic {unknown}
 v - a potion of lignification {unknown}
Comestibles
 f - a bread ration
 g - 4 fruits
 l - 2 meat rations
 u - 3 chunks of flesh


   Skills:
 + Level 1.3 Fighting
 + Level 1.1 Short Blades
 + Level 2.2 Dodging
 * Level 2.1 Stealth
 + Level 4.1 Evocations


You had 2 spell levels left.
You didn't know any spells.

Dungeon Overview and Level Annotations

Branches:
Dungeon (2/15)

Altars:

Annotations:
D:2 Sigmund


Innate Abilities, Weirdness & Mutations

You cannot wear most types of armour.
You are very stealthy in the water. (Stealth+)
You are amphibious.
You can wear up to eight rings at the same time.
You can use your tentacles to constrict eight enemies at once.
Your skin changes colour to match your surroundings (Stealth+).
Your rubbery body absorbs attacks. (AC +1, EV +1)


Message History

Press: ? - help, Shift-Dir - straight line, f/p - Sigmund
Aim: Sigmund, wielding a scythe and wearing a robe (fast)
The puff of flame hits Sigmund.
Sigmund is moderately wounded.
This wand has 13 charges left.
Sigmund closely misses you.
Evoke which item? (* to show all) (? for menu, Esc to quit)
Aiming: Random Effects
Press: ? - help, Shift-Dir - straight line, f/p - Sigmund
Aim: Sigmund, wielding a scythe and wearing a robe (moderately wounded, fast) Sigmund looks slightly unstable.
This wand has 12 charges left.
Sigmund misses you.
Evoke which item? (* to show all) (? for menu, Esc to quit)
Aiming: Random Effects
Press: ? - help, Shift-Dir - straight line, f/p - Sigmund
Aim: Sigmund, wielding a scythe and wearing a robe (moderately wounded, fast)
The mass of ice explodes!
The iceblast engulfs Sigmund.
Sigmund is severely wounded.
The iceblast engulfs you!
Ouch! That really hurt!
You die...

### ..# #.#
#.# # #.#
#.###.####..#
#.@@.s....#
#####.###.#
#.# #.# #.#
#.# #.# #.#
#.# ##


You could see Sigmund and a giant cockroach.

Vanquished Creatures
  An adder (D:2)
  A dart slug (D:2)
  A giant cockroach (D:1)
  3 goblins (D:1)
  4 hobgoblins (D:1)
  A ball python (D:2)
  A bat (D:1)
  A frilled lizard (D:1)
  4 kobolds (D:1)
  3 rats
20 creatures vanquished.

Notes
Turn   | Place    | Note
-------+----------+-------------------------------------------
     0 | D:1      | NullDivider the Octopode Artificer began the quest for the Orb.
     0 | D:1      | Reached XP level 1. HP: 13/13 MP: 3/3
   419 | D:1      | Reached XP level 2. HP: 14/18 MP: 4/4
  1444 | D:2      | Reached skill level 4 in Evocations
  1444 | D:2      | Reached XP level 3. HP: 20/23 MP: 6/6
  1596 | D:2      | Noticed Sigmund
  1602 | D:2      | Killed themself with a badly aimed iceblast

Skill      XL: |  1  2  3 |
---------------+----------+-----
Evocations     | 4 |  4.1
Stealth        | 2 |  2.1
Fighting       | |  1.3
Short Blades   | |  1.1
Dodging        | |  2.2

Action                   || total
-------------------------++-------
Melee: Short sword       ||    24
       Constrict         ||    13
       Tentacles         ||     7
       Dagger            ||    23
Evoke: Wand              ||     3
 Stab: Sleeping          ||     4
  Eat: Chunk             ||     2
Armor: Skin              ||     3
Dodge: Dodged            ||    31
